2769 views
Uploaded 2020-01-29 01:16:00
Game version 1.32 / 1.32.1
16:00 long 4on4 ladder game on (8)Battleground_LV
Saved by Teelo
2769 views
Uploaded 2020-01-29 01:16:00
Game version 1.32 / 1.32.1
16:00 long 4on4 ladder game on (8)Battleground_LV


123 units @ 17.2k
/ 2.1k
70 buildings @ 10k
/ 4.2k


| Peon | 11 | 825 | / | 0 |
| Grunt | 5 | 1000 | / | 0 |
| Troll Headhunter | 3 | 420 | / | 60 |
| Tauren | 7 | 1960 | / | 560 |
| Troll Witch Doctor | 2 | 290 | / | 50 |
| total: | 28 | 4495g | / | 670w |
| Altar of Storms | 1 | 180 | / | 50 |
| Orc Burrow | 7 | 1120 | / | 280 |
| Barracks | 1 | 180 | / | 50 |
| Voodoo Lounge | 1 | 130 | / | 30 |
| War Mill | 1 | 205 | / | 0 |
| Great Hall | 1 | 385 | / | 185 |
| Spirit Lodge | 2 | 300 | / | 300 |
| Tauren Totem | 2 | 270 | / | 310 |
| Stronghold | 1 | 315 | / | 190 |
| Fortress | 1 | 325 | / | 190 |
| total: | 16 | 2770g | / | 1205w |
| 0:05 | Peon |
| 0:05 | Peon |
| 0:05 | Peon |
| 0:06 | Peon |
| 0:06 | Peon |
| 0:15 | Altar of Storms |
| 0:23 | Orc Burrow |
| 0:45 | Barracks |
| 1:08 | Peon |
| 1:16 | Orc Burrow |
| 1:25 | Peon |
| 1:43 | Peon |
| 1:54 | Grunt |
| 2:05 | Voodoo Lounge |
| 2:26 | Feral Spirit |
| 2:38 | Grunt |
| 2:45 | War Mill |
| 2:49 | Peon |
| 3:16 | Grunt |
| 3:24 | Orc Burrow |
| 4:22 | Steel Armor |
| 4:24 | Stronghold |
| 4:26 | Troll Headhunter |
| 4:59 | Grunt |
| 4:59 | Troll Headhunter |
| 5:04 | Chain Lighting |
| 5:31 | Orc Burrow |
| 5:35 | Troll Headhunter |
| 5:38 | Steel Melee Weapons |
| 6:17 | Orc Burrow |
| 6:47 | Spirit Lodge |
| 6:51 | Tauren Totem |
| 7:15 | Berserker Strength |
| 7:47 | Fortress |
| 7:58 | Feral Spirit |
| 8:51 | Healing Wave |
| 9:00 | Grunt |
| 9:20 | Spirit Lodge |
| 10:13 | Tauren |
| 10:13 | Tauren |
| 10:14 | Tauren |
| 10:14 | Tauren |
| 10:20 | Orc Burrow |
| 10:42 | Tauren Totem |
| 11:33 | Thorium Melee Weapons |
| 11:40 | Peon |
| 11:41 | Peon |
| 11:50 | Orc Burrow |
| 12:21 | Pulverize |
| 13:08 | Great Hall |
| 14:31 | Witch Doctor Adept Training |
| 14:32 | Troll Witch Doctor |
| 14:32 | Troll Witch Doctor |
| 14:34 | Tauren |
| 14:34 | Tauren |
| 14:35 | Tauren |
| Right click | 766 |
| Select group | 253 |
| Select | 188 |
| Build/train/purchase | 57 |
| Assign group | 17 |
| Use ability | 10 |
| Minimap ping | 3 |
| Remove unit | 1 |

| Peasant | 23 | 1725 | / | 0 |
| Footman | 18 | 2430 | / | 0 |
| Rifleman | 3 | 615 | / | 90 |
| total: | 44 | 4770g | / | 90w |
| Scout Tower | 1 | 30 | / | 20 |
| Guard Tower | 1 | 70 | / | 50 |
| Altar of Kings | 1 | 180 | / | 50 |
| Farm | 9 | 720 | / | 180 |
| Barracks | 3 | 480 | / | 180 |
| Blacksmith | 1 | 140 | / | 60 |
| Town Hall | 1 | 385 | / | 205 |
| Arcane Vault | 1 | 130 | / | 30 |
| Lumber Mill | 1 | 120 | / | 0 |
| Gryphon Aviary | 1 | 140 | / | 150 |
| Keep | 1 | 320 | / | 210 |
| Castle | 1 | 360 | / | 210 |
| total: | 19 | 2325g | / | 875w |
| 0:06 | Altar of Kings |
| 0:08 | Peasant |
| 0:20 | Peasant |
| 0:29 | Peasant |
| 0:42 | Farm |
| 0:46 | Barracks |
| 0:49 | Peasant |
| 1:14 | Peasant |
| 1:27 | Farm |
| 1:33 | Peasant |
| 1:33 | Peasant |
| 1:46 | Peasant |
| 1:54 | Peasant |
| 2:05 | Farm |
| 2:22 | Peasant |
| 2:31 | Devotion Aura |
| 2:33 | Footman |
| 2:33 | Footman |
| 2:42 | Blacksmith |
| 2:52 | Farm |
| 3:22 | Footman |
| 3:39 | Farm |
| 3:49 | Keep |
| 5:16 | Footman |
| 5:17 | Footman |
| 5:17 | Footman |
| 6:18 | Divine Shield |
| 6:40 | Town Hall |
| 6:59 | Footman |
| 6:59 | Footman |
| 7:00 | Footman |
| 7:00 | Footman |
| 7:05 | Farm |
| 7:09 | Iron Forged Swords |
| 7:10 | Iron Plating |
| 7:12 | Castle |
| 7:22 | Arcane Vault |
| 9:48 | Footman |
| 9:48 | Footman |
| 9:49 | Footman |
| 9:49 | Footman |
| 9:56 | Barracks |
| 10:13 | Lumber Mill |
| 10:21 | Peasant |
| 10:21 | Peasant |
| 10:21 | Peasant |
| 10:36 | Footman |
| 10:37 | Footman |
| 11:36 | Barracks |
| 11:44 | Scout Tower |
| 11:53 | Defend |
| 11:54 | Footman |
| 11:54 | Footman |
| 11:56 | Rifleman |
| 11:57 | Rifleman |
| 12:01 | Peasant |
| 12:02 | Peasant |
| 12:02 | Peasant |
| 12:05 | Peasant |
| 12:21 | Rifleman |
| 12:24 | Improved Lumber Harvesting |
| 12:29 | Peasant |
| 12:30 | Peasant |
| 12:30 | Peasant |
| 12:30 | Peasant |
| 12:31 | Peasant |
| 12:32 | Peasant |
| 12:43 | Gryphon Aviary |
| 13:11 | Guard Tower |
| 14:12 | Farm |
| 14:13 | Farm |
| 14:16 | Farm |
| Right click | 230 |
| Select | 121 |
| Build/train/purchase | 56 |
| Resource trade | 5 |
| Use ability | 2 |
| Assign group | 1 |



| Acolyte | 8 | 600 | / | 0 |
| Ghoul | 7 | 840 | / | 0 |
| Crypt Fiend | 6 | 1290 | / | 240 |
| Abomination | 1 | 240 | / | 70 |
| Frost Wyrm | 4 | 1540 | / | 480 |
| total: | 26 | 4510g | / | 790w |
| Ziggurat | 9 | 1350 | / | 450 |
| Altar of Darkness | 1 | 180 | / | 50 |
| Crypt | 1 | 200 | / | 50 |
| Graveyard | 2 | 430 | / | 0 |
| Sacrificial Pit | 1 | 75 | / | 150 |
| Slaughterhouse | 1 | 140 | / | 135 |
| Boneyard | 2 | 350 | / | 400 |
| Halls of the Dead | 1 | 320 | / | 210 |
| Black Citadel | 1 | 325 | / | 230 |
| total: | 17 | 2725g | / | 1235w |
| 0:04 | Ziggurat |
| 0:06 | Altar of Darkness |
| 0:08 | Acolyte |
| 0:25 | Crypt |
| 0:34 | Acolyte |
| 1:03 | Graveyard |
| 1:26 | Ghoul |
| 1:36 | Ziggurat |
| 1:39 | Acolyte |
| 1:51 | Ghoul |
| 2:08 | Vampiric Aura |
| 2:10 | Ghoul |
| 2:19 | Ziggurat |
| 2:42 | Ghoul |
| 3:24 | Ziggurat |
| 3:25 | Crypt Fiend |
| 3:50 | Halls of the Dead |
| 4:00 | Crypt Fiend |
| 4:22 | Sleep |
| 4:34 | Crypt Fiend |
| 4:38 | Ziggurat |
| 5:07 | Crypt Fiend |
| 5:39 | Crypt Fiend |
| 6:24 | Sleep |
| 6:35 | Acolyte |
| 6:35 | Acolyte |
| 6:36 | Acolyte |
| 6:36 | Acolyte |
| 6:39 | Sacrificial Pit |
| 6:43 | Creature Attack |
| 6:43 | Creature Carapace |
| 7:20 | Howl of Terror |
| 8:00 | Web |
| 9:04 | Black Citadel |
| 9:45 | Improved Creature Attack |
| 9:45 | Improved Creature Carapace |
| 10:11 | Ghoul |
| 10:11 | Ghoul |
| 10:23 | Ziggurat |
| 10:23 | Ziggurat |
| 10:24 | Ziggurat |
| 10:36 | Crypt Fiend |
| 11:17 | Slaughterhouse |
| 11:33 | Burrow |
| 11:37 | Acolyte |
| 11:42 | Boneyard |
| 11:47 | Ghoul |
| 12:17 | Boneyard |
| 12:21 | Ziggurat |
| 12:25 | Abomination |
| 13:08 | Graveyard |
| 13:12 | Frost Wyrm |
| 13:15 | Freezing Breath |
| 14:19 | Death Coil |
| 15:00 | Frost Wyrm |
| 15:00 | Frost Wyrm |
| 15:00 | Frost Wyrm |
| Right click | 506 |
| Select | 289 |
| Build/train/purchase | 47 |
| Use ability | 18 |
| Misc. action | 11 |
| Assign group | 3 |
| Minimap ping | 3 |
| Remove unit | 1 |

| Scroll of Regeneration | 2 | 200 |
| total: | 2 | 200g |
| Peasant | 8 | 600 | / | 0 |
| Footman | 7 | 945 | / | 0 |
| Rifleman | 3 | 615 | / | 90 |
| Mortar Team | 7 | 1260 | / | 490 |
| total: | 25 | 3420g | / | 580w |
| Scout Tower | 1 | 30 | / | 20 |
| Guard Tower | 1 | 70 | / | 50 |
| Altar of Kings | 1 | 180 | / | 50 |
| Farm | 8 | 640 | / | 160 |
| Barracks | 2 | 320 | / | 120 |
| Arcane Vault | 1 | 130 | / | 30 |
| Lumber Mill | 1 | 120 | / | 0 |
| Blacksmith | 1 | 140 | / | 60 |
| Town Hall | 1 | 385 | / | 205 |
| Workshop | 2 | 280 | / | 280 |
| Keep | 1 | 320 | / | 210 |
| Castle | 1 | 360 | / | 210 |
| total: | 18 | 2225g | / | 925w |
| 0:06 | Altar of Kings |
| 0:08 | Peasant |
| 0:15 | Farm |
| 0:22 | Barracks |
| 0:24 | Peasant |
| 0:38 | Peasant |
| 0:54 | Peasant |
| 1:10 | Peasant |
| 1:14 | Farm |
| 1:31 | Footman |
| 1:41 | Arcane Vault |
| 1:44 | Peasant |
| 1:48 | Lumber Mill |
| 1:59 | Footman |
| 2:23 | Footman |
| 2:30 | Summon Water Elemental |
| 2:38 | Footman |
| 2:42 | Farm |
| 3:02 | Farm |
| 3:21 | Keep |
| 3:51 | Scout Tower |
| 3:59 | Footman |
| 4:02 | Blacksmith |
| 4:26 | Brilliance Aura |
| 4:38 | Guard Tower |
| 4:49 | Footman |
| 5:07 | Barracks |
| 5:26 | Black Gunpowder |
| 5:53 | Castle |
| 6:03 | Farm |
| 6:52 | Summon Water Elemental |
| 6:58 | Refined Gunpowder |
| 7:07 | Improved Lumber Harvesting |
| 7:15 | Scroll of Regeneration |
| 7:24 | Rifleman |
| 7:31 | Footman |
| 7:38 | Farm |
| 8:10 | Workshop |
| 9:17 | Rifleman |
| 10:20 | Mortar Team |
| 10:21 | Mortar Team |
| 10:26 | Workshop |
| 11:05 | Imbued Gunpowder |
| 11:06 | Studded Leather Armor |
| 11:11 | Scroll of Regeneration |
| 11:30 | Rifleman |
| 11:36 | Peasant |
| 11:36 | Peasant |
| 11:39 | Advanced Lumber Harvesting |
| 11:52 | Farm |
| 11:53 | Farm |
| 12:21 | Town Hall |
| 13:07 | Mortar Team |
| 14:00 | Mortar Team |
| 14:32 | Mortar Team |
| 14:32 | Mortar Team |
| 14:32 | Mortar Team |
| Right click | 851 |
| Select | 261 |
| Build/train/purchase | 54 |
| Select group | 53 |
| Assign group | 29 |
| Misc. action | 23 |
| Minimap ping | 4 |
| Use ability | 1 |
104 units @ 15.4k
/ 2k
57 buildings @ 8.4k
/ 3k


| Orb of Corruption | 1 | 375 |
| Scroll of Town Portal | 1 | 350 |
| Boots of Speed | 1 | 250 |
| Circlet of Nobility | 1 | 175 |
| total: | 4 | 1150g |
| Acolyte | 7 | 525 | / | 0 |
| Ghoul | 3 | 360 | / | 0 |
| Crypt Fiend | 10 | 2150 | / | 400 |
| total: | 20 | 3035g | / | 400w |
| Nerubian Tower | 1 | 100 | / | 20 |
| Spirit Tower | 4 | 580 | / | 160 |
| Altar of Darkness | 1 | 180 | / | 50 |
| Ziggurat | 5 | 750 | / | 250 |
| Crypt | 2 | 400 | / | 100 |
| Graveyard | 1 | 215 | / | 0 |
| Tomb of Relics | 1 | 130 | / | 30 |
| Sacrificial Pit | 1 | 75 | / | 150 |
| Halls of the Dead | 1 | 320 | / | 210 |
| Black Citadel | 1 | 325 | / | 230 |
| total: | 11 | 1750g | / | 580w |
| 0:05 | Acolyte |
| 0:06 | Acolyte |
| 0:08 | Altar of Darkness |
| 0:12 | Ziggurat |
| 0:33 | Crypt |
| 0:59 | Graveyard |
| 1:18 | Nerubian Tower |
| 1:37 | Ghoul |
| 1:37 | Ghoul |
| 1:56 | Ghoul |
| 2:06 | Sleep |
| 2:28 | Crypt Fiend |
| 2:34 | Ziggurat |
| 3:12 | Tomb of Relics |
| 3:14 | Ziggurat |
| 3:38 | Crypt Fiend |
| 3:55 | Vampiric Aura |
| 4:13 | Spirit Tower |
| 4:20 | Crypt Fiend |
| 4:35 | Crypt Fiend |
| 4:36 | Spirit Tower |
| 5:45 | Halls of the Dead |
| 5:50 | Crypt Fiend |
| 6:04 | Crypt Fiend |
| 6:28 | Ziggurat |
| 6:36 | Crypt |
| 6:45 | Creature Attack |
| 6:46 | Creature Carapace |
| 7:14 | Boots of Speed |
| 7:37 | Circlet of Nobility |
| 7:42 | Sleep |
| 7:48 | Spirit Tower |
| 9:12 | Death Coil |
| 10:18 | Crypt Fiend |
| 10:21 | Web |
| 10:23 | Black Citadel |
| 10:25 | Ziggurat |
| 11:12 | Vampiric Aura |
| 11:15 | Unholy Aura |
| 11:21 | Sacrificial Pit |
| 11:25 | Spirit Tower |
| 11:28 | Crypt Fiend |
| 12:05 | Improved Creature Attack |
| 12:05 | Improved Creature Carapace |
| 12:11 | Crypt Fiend |
| 12:47 | Acolyte |
| 12:48 | Acolyte |
| 14:29 | Death Coil |
| 14:34 | Death Coil |
| 15:20 | Crypt Fiend |
| 15:22 | Acolyte |
| 15:22 | Acolyte |
| 15:23 | Acolyte |
| 15:37 | Orb of Corruption |
| 15:38 | Scroll of Town Portal |
| Right click | 528 |
| Select | 203 |
| Select group | 198 |
| Misc. action | 77 |
| Build/train/purchase | 54 |
| Use ability | 28 |
| Assign group | 12 |
| Resource trade | 5 |
| Chat | 4 |
| Item give/drop | 1 |
| Esc | 1 |



| Peasant | 10 | 750 | / | 0 |
| Footman | 13 | 1755 | / | 0 |
| Knight | 6 | 1470 | / | 360 |
| total: | 29 | 3975g | / | 360w |
| Altar of Kings | 1 | 180 | / | 50 |
| Barracks | 2 | 320 | / | 120 |
| Farm | 8 | 640 | / | 160 |
| Lumber Mill | 1 | 120 | / | 0 |
| Blacksmith | 1 | 140 | / | 60 |
| Workshop | 1 | 140 | / | 140 |
| Keep | 1 | 320 | / | 210 |
| Castle | 1 | 360 | / | 210 |
| total: | 14 | 1540g | / | 530w |
| 0:02 | Peasant |
| 0:09 | Altar of Kings |
| 0:17 | Peasant |
| 0:34 | Barracks |
| 0:36 | Farm |
| 0:38 | Peasant |
| 1:00 | Peasant |
| 1:30 | Peasant |
| 1:41 | Lumber Mill |
| 1:44 | Peasant |
| 1:46 | Footman |
| 1:49 | Farm |
| 1:58 | Peasant |
| 2:18 | Footman |
| 2:29 | Peasant |
| 2:34 | Farm |
| 2:35 | Farm |
| 2:39 | Peasant |
| 2:56 | Devotion Aura |
| 3:15 | Footman |
| 3:49 | Footman |
| 4:15 | Footman |
| 4:18 | Peasant |
| 4:20 | Keep |
| 4:45 | Footman |
| 4:51 | Blacksmith |
| 5:00 | Footman |
| 5:35 | Iron Forged Swords |
| 5:40 | Footman |
| 6:01 | Footman |
| 6:19 | Footman |
| 6:28 | Farm |
| 7:09 | Footman |
| 7:20 | Holy Light |
| 7:30 | Steel Forged Swords |
| 7:33 | Footman |
| 7:43 | Workshop |
| 7:47 | Castle |
| 8:10 | Farm |
| 8:13 | Farm |
| 8:21 | Improved Lumber Harvesting |
| 8:29 | Defend |
| 9:14 | Devotion Aura |
| 10:10 | Footman |
| 10:11 | Knight |
| 10:17 | Mithril Forged Swords |
| 10:27 | Barracks |
| 11:03 | Knight |
| 11:33 | Farm |
| 11:35 | Knight |
| 11:37 | Knight |
| 12:14 | Sundering Blades |
| 12:38 | Animal War Training |
| 12:58 | Storm Bolt |
| 13:09 | Summon Water Elemental |
| 13:14 | Knight |
| 13:16 | Knight |
| 13:22 | Advanced Lumber Harvesting |
| 14:27 | Holy Light |
| 14:55 | Blizzard |
| 14:56 | Blizzard |
| 14:57 | Blizzard |
| 14:58 | Blizzard |
| 15:00 | Blizzard |
| 15:00 | Blizzard |
| 15:00 | Blizzard |
| Right click | 373 |
| Select | 243 |
| Misc. action | 79 |
| Build/train/purchase | 59 |
| Select group | 37 |
| Assign group | 9 |
| Use ability | 8 |
| Resource trade | 6 |
| Chat | 5 |
| Esc | 2 |
| Minimap ping | 2 |

| Acolyte | 8 | 600 | / | 0 |
| Ghoul | 8 | 960 | / | 0 |
| Meat Wagon | 5 | 1150 | / | 250 |
| Necromancer | 11 | 1595 | / | 220 |
| Abomination | 6 | 1440 | / | 420 |
| total: | 38 | 5745g | / | 890w |
| Nerubian Tower | 1 | 100 | / | 20 |
| Altar of Darkness | 1 | 180 | / | 50 |
| Ziggurat | 9 | 1350 | / | 450 |
| Crypt | 1 | 200 | / | 50 |
| Graveyard | 1 | 215 | / | 0 |
| Temple of the Damned | 1 | 155 | / | 140 |
| Slaughterhouse | 3 | 420 | / | 405 |
| Halls of the Dead | 1 | 320 | / | 210 |
| Black Citadel | 2 | 650 | / | 460 |
| total: | 16 | 2520g | / | 1095w |
| 0:18 | Altar of Darkness |
| 0:20 | Ziggurat |
| 0:27 | Crypt |
| 0:55 | Acolyte |
| 0:56 | Acolyte |
| 1:25 | Acolyte |
| 1:35 | Ghoul |
| 1:35 | Ghoul |
| 1:57 | Ghoul |
| 2:03 | Ziggurat |
| 2:15 | Ghoul |
| 2:21 | Cannibalize |
| 2:39 | Death Coil |
| 3:02 | Ghoul |
| 3:02 | Ghoul |
| 3:05 | Ziggurat |
| 4:12 | Graveyard |
| 4:14 | Halls of the Dead |
| 4:39 | Nerubian Tower |
| 5:14 | Ziggurat |
| 5:43 | Unholy Strength |
| 5:43 | Unholy Armor |
| 5:55 | Unholy Aura |
| 6:33 | Ziggurat |
| 6:38 | Ziggurat |
| 6:48 | Temple of the Damned |
| 6:54 | Slaughterhouse |
| 7:01 | Ziggurat |
| 7:19 | Black Citadel |
| 7:22 | Acolyte |
| 7:23 | Acolyte |
| 7:23 | Acolyte |
| 7:23 | Acolyte |
| 7:24 | Acolyte |
| 7:51 | Skeletal Mastery |
| 7:52 | Necromancer Adept Training |
| 7:58 | Exhume Corpses |
| 8:39 | Meat Wagon |
| 8:40 | Meat Wagon |
| 8:42 | Necromancer |
| 8:44 | Necromancer |
| 9:04 | Black Citadel |
| 9:19 | Slaughterhouse |
| 9:28 | Improved Unholy Strength |
| 9:29 | Improved Unholy Armor |
| 9:51 | Necromancer |
| 9:52 | Necromancer |
| 10:23 | Ghoul |
| 10:23 | Ghoul |
| 10:54 | Slaughterhouse |
| 10:59 | Necromancer |
| 11:17 | Unholy Aura |
| 11:25 | Disease Cloud |
| 11:26 | Abomination |
| 11:26 | Abomination |
| 11:29 | Advanced Unholy Strength |
| 11:37 | Necromancer Master Training |
| 11:37 | Necromancer |
| 11:56 | Abomination |
| 11:57 | Abomination |
| 11:58 | Abomination |
| 12:01 | Meat Wagon |
| 12:03 | Necromancer |
| 12:03 | Necromancer |
| 12:24 | Meat Wagon |
| 12:27 | Meat Wagon |
| 12:38 | Ziggurat |
| 13:06 | Ziggurat |
| 13:16 | Advanced Unholy Armor |
| 14:06 | Necromancer |
| 14:06 | Necromancer |
| 14:06 | Necromancer |
| 14:12 | Abomination |
| Select | 234 |
| Chat | 231 |
| Right click | 219 |
| Build/train/purchase | 62 |
| Misc. action | 15 |
| Use ability | 6 |
| Minimap ping | 2 |
| Assign group | 1 |
| Select group | 1 |
| Esc | 1 |

| Rod of Necromancy | 3 | 450 |
| Sacrificial Skull | 1 | 50 |
| Potion of Healing | 4 | 600 |
| Orb of Corruption | 1 | 375 |
| Scroll of Town Portal | 2 | 700 |
| total: | 11 | 2175g |
| Acolyte | 4 | 300 | / | 0 |
| Ghoul | 4 | 480 | / | 0 |
| Crypt Fiend | 8 | 1720 | / | 320 |
| Forest Troll Shadow Priest | 1 | 195 | / | 10 |
| total: | 17 | 2695g | / | 330w |
| Nerubian Tower | 2 | 200 | / | 40 |
| Spirit Tower | 5 | 725 | / | 200 |
| Ziggurat | 9 | 1350 | / | 450 |
| Altar of Darkness | 1 | 180 | / | 50 |
| Crypt | 2 | 400 | / | 100 |
| Graveyard | 2 | 430 | / | 0 |
| Tomb of Relics | 1 | 130 | / | 30 |
| Sacrificial Pit | 1 | 75 | / | 150 |
| Halls of the Dead | 2 | 640 | / | 420 |
| Black Citadel | 1 | 325 | / | 230 |
| total: | 16 | 2565g | / | 780w |
| 0:04 | Acolyte |
| 0:04 | Acolyte |
| 0:07 | Ziggurat |
| 0:12 | Altar of Darkness |
| 0:33 | Crypt |
| 0:58 | Nerubian Tower |
| 1:29 | Graveyard |
| 1:36 | Ziggurat |
| 1:39 | Ghoul |
| 1:54 | Tomb of Relics |
| 2:04 | Ghoul |
| 2:17 | Ghoul |
| 2:20 | Death Coil |
| 2:35 | Ghoul |
| 2:57 | Creature Attack |
| 3:28 | Rod of Necromancy |
| 3:31 | Sacrificial Skull |
| 3:34 | Crypt Fiend |
| 3:59 | Halls of the Dead |
| 4:19 | Unholy Aura |
| 4:25 | Crypt Fiend |
| 5:12 | Spirit Tower |
| 5:15 | Ziggurat |
| 5:17 | Ziggurat |
| 5:20 | Creature Carapace |
| 5:31 | Rod of Necromancy |
| 6:01 | Crypt Fiend |
| 6:19 | Spirit Tower |
| 6:50 | Web |
| 7:11 | Black Citadel |
| 7:23 | Forest Troll Shadow Priest |
| 7:27 | Death Coil |
| 7:38 | Crypt Fiend |
| 8:00 | Graveyard |
| 8:32 | Potion of Healing |
| 8:34 | Rod of Necromancy |
| 8:55 | Crypt Fiend |
| 9:07 | Potion of Healing |
| 9:07 | Potion of Healing |
| 9:32 | Crypt Fiend |
| 9:33 | Burrow |
| 9:43 | Potion of Healing |
| 9:52 | Unholy Aura |
| 9:57 | Crypt Fiend |
| 10:25 | Crypt |
| 10:34 | Scroll of Town Portal |
| 10:47 | Acolyte |
| 11:14 | Ziggurat |
| 11:15 | Ziggurat |
| 11:36 | Crypt Fiend |
| 12:05 | Sacrificial Pit |
| 12:10 | Acolyte |
| 12:24 | Nerubian Tower |
| 12:57 | Spirit Tower |
| 12:59 | Improved Creature Attack |
| 14:06 | Ziggurat |
| 14:06 | Ziggurat |
| 14:38 | Scroll of Town Portal |
| 14:40 | Orb of Corruption |
| 14:45 | Ziggurat |
| 15:03 | Spirit Tower |
| 15:12 | Spirit Tower |
| 15:19 | Death Coil |
| Select group | 316 |
| Right click | 285 |
| Select | 171 |
| Chat | 158 |
| Misc. action | 106 |
| Build/train/purchase | 83 |
| Assign group | 45 |
| Use ability | 18 |
| Minimap ping | 6 |
| Remove unit | 1 |
| Esc | 1 |
⇛